 Dungeon Crawl Stone Soup version 0.29-a0-284-gf9362112df (webtiles) character file.

Game seed: 12471769804793209226

77 Rennog the Sneak (level 4, -3/27 HPs)
             Began as an Octopode Fire Elementalist on Mar 28, 2022.
             Was an Initiate of Ashenzari.
             Slain by an orc
             ... wielding a +0 flail
              (6 damage)
             ... on level 3 of the Dungeon.
             The game lasted 00:02:57 (2766 turns).

Rennog the Sneak (Octopode Fire Elementalist)       Turns: 2766, Time: 00:02:57

Health: -3/27      AC:  1    Str:  7    XL:     4   Next: 33%
Magic:  1/8        EV: 13    Int: 17    God:    Ashenzari [......]
Gold:   124        SH:  0    Dex: 14    Spells: 5/8 levels left

rFire   . . .      SeeInvis .   (no weapon)
rCold   . . .      Faith    .   (no shield)
rNeg    . . .      Spirit   .   (helmet restricted)
rPois   .          Reflect  .   (no amulet)
rElec   .          Harm     .   c - ring of resist corrosion
rCorr   +          Rampage  .   (no ring)
Will    .....                   (no ring)
Stlth   ++++......              (no ring)
HPRegen 0.09/turn               (no ring)
MPRegen 0.11/turn               (no ring)
                                (no ring)
                                (no ring)

@: no status effects
A: almost no armour, amphibious, 8 rings, camouflage 1, gelatinous body 1,
(nimble swimmer 1), tentacles
a: Renounce Religion


You were on level 3 of the Dungeon.
You worshipped Ashenzari.
Ashenzari was noncommittal.
You visited 1 branch of the dungeon, and saw 3 of its levels.

You collected 124 gold pieces.

Inventory:

Jewellery
 c - a ring of resist corrosion (left tentacle)
Scrolls
 b - a scroll of identify {unknown}
 d - a scroll of vulnerability {unknown}
 h - a scroll of teleportation {unknown}
 i - a scroll of silence {unknown}
Potions
 a - 2 potions of magic
 e - a potion of curing {unknown}
 f - a potion of degeneration {unknown}
 g - a potion of heal wounds {unknown}


   Skills:
 - Level 2.0 Dodging
 + Level 4.2 Stealth
 + Level 2.8 Spellcasting
 - Level 1.0 Conjurations
 + Level 3.7 Fire Magic


You had 5 spell levels left.
You knew the following spells:

 Your Spells              Type           Power      Damage    Failure   Level
a - Foxfire               Conj/Fire      40%        2x1d6     7%          1
b - Scorch                Fire           30%        2d6       5%          2

Your spell library contained the following spells:

 Spells                   Type           Power      Damage    Failure   Level
 Conjure Flame            Conj/Fire      10%        6-21      21%         3
 Inner Flame              Hex/Fire       8%         N/A       24%         3
 Flame Wave               Conj/Fire      10%        2d5       54%         4


Dungeon Overview and Level Annotations

Branches:
Dungeon (3/15)

Altars:
Ashenzari


Innate Abilities, Weirdness & Mutations

You cannot wear most types of armour.
You are amphibious.
You can wear up to eight rings at the same time.
Your skin changes colour to match your surroundings (Stealth+).
Your rubbery body absorbs attacks. (AC +1, EV +1)
((You are camouflaged when in or above water. (Stealth+)))
You have tentacles for arms and can constrict up to eight enemies at once.


Message History

Casting: Foxfire (safe; 7% risk of failure)
Confirm with . or Enter, or press ? or * to list all spells.
You conjure some foxfire!
The foxfire hits the orc but does no damage.
Your foxfire dissipates!
The foxfire hits the orc but does no damage.
Casting: Foxfire (safe; 7% risk of failure)
Confirm with . or Enter, or press ? or * to list all spells.
You conjure some foxfire!
Your foxfire dissipates!
Your foxfire dissipates!
The foxfire hits the orc but does no damage.
The foxfire hits the orc.
The orc is lightly wounded.
The orc attacks as you move away! The orc barely misses you.
The orc attacks as you move away! The orc hits you with a +0 flail.
The orc attacks as you move away! The orc hits you with a +0 flail!
Found 28 stones.
The orc attacks as you move away! The orc hits you with a +0 flail.
The orc attacks as you move away! The orc barely misses you.
Press: ? - help, v - describe, . - travel A dispersal trap.
Really wriggle into that dispersal trap?
You enter a dispersal trap!
The orc blinks!
You blink.
The orc closely misses you.
Casting: Foxfire (safe; 7% risk of failure)
Confirm with . or Enter, or press ? or * to list all spells.
Flames lash the orc.
The orc is almost dead.
The orc's fire resistance burns away.
The orc hits you with a +0 flail.
* * * LOW HITPOINT WARNING * * *
The orc attacks as you move away! The orc hits you with a +0 flail.
* * * LOW HITPOINT WARNING * * *
The orc is no longer more vulnerable to fire.
The orc attacks as you move away! The orc completely misses you.
Found a glowing iron ring.
The orc attacks as you move away! The orc closely misses you.
You see here a ball python corpse.
The orc attacks as you move away! The orc hits you with a +0 flail.
You die...

###### #.... #.># #<.#
########..# #.........#
.#####†.### ### .
#.o@....# ##.####. ..##
#.#####.# ##.#..... ....
#.#...#.# ##.###.##.
.....##J#.#.#.###.## ##.##
##........#...##.## ##..
......#.#####.###.## ##.##
......#...#...###..###.#..
..........#.......#.#.#...
###.#.#.#...#.######.##..#


You could see an orc.

Vanquished Creatures
  A hound (D:3)
  An adder (D:2)
  A worm (D:2)
  4 ball pythons
  4 bats
  4 giant cockroaches
  A hobgoblin (D:1)
  5 kobolds
  A quokka (D:2)
  7 frilled lizards
  5 goblins
  A rat (D:2)
35 creatures vanquished.

Vanquished Creatures (others)
  116 foxfires
116 creatures vanquished.

Grand Total: 151 creatures vanquished

Notes
Turn   | Place    | Note
-------+----------+-------------------------------------------
     0 | D:1      | Rennog the Octopode Fire Elementalist began the quest for
                  | the Orb.
     0 | D:1      | Reached XP level 1. HP: 11/11 MP: 3/3
   342 | D:1      | Reached skill level 3 in Stealth
   401 | D:1      | Reached XP level 2. HP: 17/17 MP: 0/5
   657 | D:1      | Learned a level 2 spell: Scorch
  1477 | D:2      | Reached XP level 3. HP: 21/21 MP: 0/6
  2146 | D:2      | Found a broken altar of Ashenzari.
  2548 | D:2      | Became a worshipper of Ashenzari the Shackled
  2674 | D:3      | Reached skill level 4 in Stealth
  2674 | D:3      | Reached XP level 4. HP: 22/27 MP: 2/8
  2766 | D:3      | Slain by an orc

Illustrated notes

Levels and vault maps discovered:
D:1:      minmay_arrival_nine_rooms, layout_basic
D:2:      layout_basic, basic_altar, lemuel_flame_loot_1
D:3:      layout_loops_ring, chei_slow_surprise, st_stairs_10,
          hangedman_abyss_or_decor_stabs

Skill      XL: |  1  2  3 |
---------------+----------+-----
Stealth        | 3 4 |  4.2
Dodging        | |  2.0
Spellcasting   | |  2.8
Conjurations   | |  1.0
Fire Magic     | |  3.7

Action                   |  1- 3 |  4- 6 || total
-------------------------+-------+-------++-------
Melee: Unarmed           |     4 |       ||     4
       Tentacles         |     3 |       ||     3
       Constrict         |     2 |       ||     2
 Cast: Foxfire           |    61 |     8 ||    69
       Scorch            |    14 |     1 ||    15
Dodge: Dodged            |     9 |     5 ||    14

Table legend: (Time is in decaauts)
 A = Elapsed time spent in this place.
 B = Non-inter-level travel time spent in this place.
 C = Inter-level travel time spent in this place.
 D = Time resting spent in this place.
 E = Time spent auto-exploring this place.
 F = Levels seen in this place.
 G = Mean time per level.
                   A        B        C        D        E       F      G
               +--------+--------+--------+--------+--------+-----+--------+
         Total |   2766 |   2663 |    103 |      0 |   2415 |   3 |  922.0 |
       Dungeon |   2766 |   2663 |    103 |      0 |   2415 |   3 |  922.0 |
               +--------+--------+--------+--------+--------+-----+--------+

Top non-repeatable levels by time:
     D:2: 1290 daAuts
     D:1: 1266 daAuts
     D:3: 209 daAuts
